 Dungeon Crawl Stone Soup version 0.18-a0-1721-gc4d1f22 (webtiles) character file.

856 NancyDrew the Skirmisher (level 7, -18/56 HPs)
             Began as a Mummy Chaos Knight on Apr 10, 2016.
             Was an Initiate of Yredelemnul.
             Demolished by an ogre
             ... wielding a +0 giant club
              (21 damage)
             ... on level 5 of the Dungeon.
             The game lasted 01:56:18 (3153 turns).

NancyDrew the Skirmisher (Mummy Chaos Knight)       Turns: 3153, Time: 01:56:22

Health: -18/56     AC: 11    Str: 18    XL:     7   Next: 70%
Magic:  7/7        EV:  8    Int: 11    God:    Yredelemnul [......]
Gold:   227        SH:  0    Dex: 11    Spells: 0 memorised, 6 levels left

rFire  x . .     SeeInvis .     B - +3 falchion (elec)
rCold  + . .     Gourm    .     x - +1 chain mail
rNeg   + + +     Faith    .     (no shield)
rPois  ∞         Spirit   .     (no helmet)
rElec  .         Dismiss  .     l - +0 cloak
rCorr  .         Reflect  .     (no gloves)
SustAt .         Harm     .     (no boots)
MR     .....                    i - amulet of regeneration
Stlth  ..........               (no ring)
                                (no ring)

@: about to teleport, not resistant to hostile enchantments, extremely
unstealthy
A: no food or potions, fire vulnerability, cold resistance 1, negative energy
resistance 3, torment resistance, unbreathing
a: Renounce Religion


You were on level 5 of the Dungeon.
You worshipped Yredelemnul.
Yredelemnul was noncommittal.
You were not hungry.

You visited 1 branch of the dungeon, and saw 5 of its levels.

You collected 227 gold pieces.

Inventory:

Hand Weapons
 a - a +0 falchion of chaos
 B - a +3 falchion of electrocution (weapon)
 D - a cursed -1 hunting sling
 E - a +0 falchion
Armour
 l - a +0 cloak (worn)
 x - a +1 chain mail (worn)
Jewellery
 i - an amulet of regeneration (around neck)
 p - an uncursed ring of wizardry {unknown}
Wands
 j - a wand of slowing (48/48)
Scrolls
 b - a scroll of remove curse
 g - 2 scrolls of magic mapping
 C - a scroll of recharging
Potions
 h - 2 potions of brilliance {unknown}
 n - a potion of curing {unknown}
 o - a potion of haste {unknown}
 q - a potion of mutation {unknown}
 w - 3 potions of lignification {unknown}
 z - a potion of berserk rage {unknown}
 A - 2 potions of might {unknown}
Books
 m - a book of Alchemy

   Spells                             Type                      Level
   a - Sublimation of Blood           Necromancy                   2
   b - Ignite Poison                  Fire/Transmutation/Poison    3
   c - Petrify                        Transmutation/Earth          4
   d - Alistair's Intoxication        Transmutation/Poison         5
   e - Irradiate                      Conjuration/Transmutation    5
Comestibles
 c - 3 meat rations
 d - 6 fruits
 f - 4 bread rations


   Skills:
 + Level 5.0 Fighting
 + Level 4.4 Long Blades
 + Level 3.2 Armour
 + Level 3.5 Dodging
 + Level 2.1 Stealth


You had 6 spell levels left.
You didn't know any spells.

Dungeon Overview and Level Annotations

Branches:
Dungeon (5/15)             Temple (0/1) D:5

Altars:
Elyvilon
Nemelex Xobeh
Okawaru
Yredelemnul


Innate Abilities, Weirdness & Mutations

You do not eat or drink.
Your flesh is vulnerable to fire.
You are immune to poison.
Your flesh is cold resistant.
You are immune to negative energy.
You are immune to unholy pain and torment.
You can survive without breathing.


Message History

The phantom gestures.
The phantom blinks!
You hit the ogre.
The ogre is lightly wounded.
The ogre hits you with a giant club!!
* * * LOW HITPOINT WARNING * * *
The phantom gestures.
The phantom blinks!
The phantom gestures.
The phantom blinks!
You hit the phantom but do no damage. The ogre hits you with a giant club!
* * * LOW HITPOINT WARNING * * *
The phantom hits you but does no damage.
As you read the scroll of teleportation, it crumbles to dust.
You feel strangely unstable.
The phantom hits you but does no damage.
The ogre hits you with a giant club!!
You die...
Xom roars with laughter!
Yredelemnul claims you as an undead slave.

#.......# #..#.#.......#
#.####### .#.#...#.#.# #(#
#.#....[# #.# #.#...#.#
#.############ #.#.....#
#.....§(((.).#..#.#<#####.#
############o#............#
#O#.##.#.####### #@# #.#.#
#W# . #†# #.# ## #.# #.#
#.# #.# #.# #.######.#
#........# ##########


You could see a phantom, an ogre and an orc.

Vanquished Creatures
  Grinder (D:3)
  A sky beast (D:5)
  A centaur (D:5)
  A giant frog zombie (D:3)
  2 hounds (D:4)
  Crazy Yiuf (D:2)
  3 orc wizards
  A centaur skeleton (D:4)
  A giant frog skeleton (D:4)
  An iguana (D:4)
  Natasha (D:2)
  A worker ant (D:3)
  3 gnolls
  7 adders
  2 worms (D:2)
  2 giant geckos
  6 orcs
  A ball python (D:2)
  3 giant cockroaches (D:2)
  2 gnoll zombies (D:4)
  5 goblins
  3 hobgoblins
  9 kobolds
  A quokka (D:3)
  5 bats
  A giant gecko skeleton (D:4)
  A giant newt (D:2)
  5 rats
71 creatures vanquished.

Vanquished Creatures (collateral kills)
  A goblin (D:3)
1 creature vanquished.

Grand Total: 72 creatures vanquished

Notes
Turn   | Place    | Note
--------------------------------------------------------------
     0 | D:1      | NancyDrew the Mummy Chaos Knight began the quest for the Orb.
     0 | D:1      | Reached XP level 1. HP: 18/18 MP: 1/1
    59 | D:1      | XOM: harmless Chrm miscast
   305 | D:1      | Reached XP level 2. HP: 23/24 MP: 2/2
   429 | D:2      | Noticed Natasha
   445 | D:2      | XOM: potion effect (haste)
   446 | D:2      | XOM: silly message
   447 | D:2      | Reached skill level 1 in Dodging
   460 | D:2      | Killed Natasha
   460 | D:2      | Reached XP level 3. HP: 23/29 MP: 3/3
   626 | D:2      | XOM: god gift: dented jade amulet {god gift}
   643 | D:2      | Noticed Crazy Yiuf
   644 | D:2      | XOM: enchant monster (good)
   654 | D:2      | Killed Crazy Yiuf
   654 | D:2      | Reached XP level 4. HP: 36/36 MP: 4/4
  1063 | D:2      | XOM: noise
  1145 | D:2      | Reached skill level 1 in Stealth
  1313 | D:2      | XOM: harmless Chrm miscast
  1415 | D:2      | XOM: potion effect (curing)
  1425 | D:2      | Reached XP level 5. HP: 37/42 MP: 5/5
  1466 | D:3      | Reached skill level 4 in Fighting
  1583 | D:3      | Noticed Grinder
  1593 | D:3      | Paralysed by Grinder for 2 turns
  1595 | D:3      | XOM: enchant monster (good)
  1631 | D:3      | XOM: divination: detect creatures
  1633 | D:3      | XOM: cast spell 'Confusing Touch'
  1635 | D:3      | XOM: harmless Divn miscast
  1654 | D:3      | XOM: divination: magic mapping
  1656 | D:3      | XOM: god gift: scroll labeled WUNLOT CUUMU
  1668 | D:3      | XOM: cast spell 'Warp Weapon'
  1704 | D:3      | Found a sparkling altar of Nemelex Xobeh.
  1714 | D:3      | Found a white marble altar of Elyvilon.
  1780 | D:3      | XOM: mild Trmt miscast
  1791 | D:3      | Paralysed by Grinder for 5 turns
  1806 | D:3      | XOM: confusion
  1814 | D:3      | Killed Grinder
  1814 | D:3      | Reached XP level 6. HP: 44/49 MP: 6/6
  1817 | D:3      | Fell from the grace of Xom
  1908 | D:3      | You fall through a shaft!
  1908 | D:4      | Found a basalt altar of Yredelemnul.
  1930 | D:4      | Became a worshipper of Yredelemnul the Dark
  2183 | D:4      | Reached XP level 7. HP: 55/55 MP: 7/7
  2435 | D:2      | XOM: summons 4 hostile shadow creatures
  2894 | D:4      | Found an iron altar of Okawaru.
  2960 | D:5      | Entered Level 5 of the Dungeon
  2961 | D:5      | Found a staircase to the Ecumenical Temple.
  3057 | D:5      | Reached skill level 5 in Fighting
  3153 | D:5      | Demolished by an ogre

Vault maps used:
D:1:      eino_arrival_druids_welcome
D:2:      forest_paths, uniq_natasha, uniq_crazy_yiuf_cottage
D:3:      nemelex_xobeh_ov_fountains_minmay, overflow_temple_1_default,
          st_stairs_12, nrook_uturn, uniq_grinder
D:4:      okawaru_ov_weapons_minmay, lemuel_zombie_altar_yredelemnul,
          nicolae_overflow_hidden_temple, first_bread
D:5:      minmay_temple_entry_statues_pillars

Skill      XL: |  1  2  3  4  5  6  7 |
---------------+----------------------+-----
Dodging        | 1 2 3 |  3.5
Long Blades    | 3 4 |  4.4
Armour         | 2 3 |  3.2
Stealth        | 1 2 |  2.1
Fighting       | 4 5 |  5.0

Action                   |  1- 3 |  4- 6 |  7- 9 || total
-------------------------+-------+-------+-------++-------
Melee: Falchion          |    47 |   200 |   101 ||   348
Invok: Renounce Religion |       |     1 |       ||     1
  Use: Scroll            |     1 |     4 |     6 ||    11
 Stab: Paralysed         |     7 |     1 |       ||     8
       Petrified         |       |     1 |       ||     1
       Sleeping          |       |     1 |       ||     1
